[Event "RUS-chT Men Rapid 2019"]
[Site "Sochi"]
[Date "2019.10.18"]
[Round "4.10"]
[White "Lugovskoy, Maxim"]
[Black "Iljin, Artem"]
[Result "1-0"]
[ECO "D00"]
[WhiteElo "2436"]
[BlackElo "2509"]
[Annotator "ChessBase"]
[PlyCount "53"]
[EventDate "2019.10.18"]
[EventType "swiss"]
[EventCountry "RUS"]
[SourceTitle "playchess.com"]
[Source "ChessBase"]
[SourceQuality "1"]
[TimeControl "900+10"]

1. d4 d5 2. Nc3 Nf6 3. Bf4 c5 4. e3 cxd4 5. exd4 a6 6. Nf3 Nc6 7. Ne5 Bd7 8. Bg5 e6 9. Nxc6 Bxc6 10. Bd3 Qb6 11. Ne2 Qxb2 12. O-O Be7 13. Rb1 Qa3 14. Re1 Ne4 15. Bc1 Qd6 16. f3 Nf6 17. Bf4 Qd7 18. Ng3 Bb5 19. Be5 O-O 20. f4 g6 21. Rxb5 axb5 22. f5 exf5 23. Nxf5 gxf5 24. Qf3 Ra3 25. Qf4 Kh8 26. Bxf5 Qc6 27. Qh6 1-0

[Event "RUS-chT Men Rapid 2019"]
[Site "Sochi"]
[Date "2019.10.18"]
[Round "4.12"]
[White "Utnasunov, Alexander"]
[Black "Samusenko, Maksim"]
[Result "1-0"]
[ECO "E83"]
[WhiteElo "2442"]
[BlackElo "2445"]
[Annotator "NA"]
[PlyCount "73"]
[EventDate "2019.10.18"]
[EventType "swiss"]
[EventCountry "RUS"]
[SourceTitle "playchess.com"]
[Source "ChessBase"]
[SourceQuality "1"]
[TimeControl "900+10"]

1. d4 Nf6 2. c4 g6 3. f3 Bg7 4. e4 d6 5. Nc3 O-O 6. Be3 Nc6 7. Nge2 a6 8. Qd2 Na5 9. Nc1 Nd7 10. b4 Nc6 11. a3 e5 12. Nb3 a5 13. b5 exd4 14. Nxd4 Nxd4 15. Bxd4 Bxd4 16. Qxd4 Nc5 17. Nd5 f5 18. Rd1 fxe4 19. Be2 c6 20. bxc6 bxc6 21. Ne3 Ne6 22. Qxe4 Qg5 23. Rxd6 Nf4 24. Kf2 Bh3 25. c5 Rae8 26. Bc4+ Kg7 27. Qd4+ Kh6 28. g3 Nh5 29. Re1 Rb8 30. Rxc6 Rbd8 31. Rd6 Rc8 32. c6 Rc7 33. Be6 Bxe6 34. Rxe6 Nf6 35. Rxf6 Rxf6 36. Ng4+ Kg7 37. Re6 1-0

[Event "RUS-chT Men Rapid 2019"]
[Site "Sochi"]
[Date "2019.10.18"]
[Round "4.14"]
[White "Gurvich, Vitaly"]
[Black "Lysyj, Igor"]
[Result "1/2-1/2"]
[ECO "D30"]
[WhiteElo "2278"]
[BlackElo "2596"]
[Annotator "ChessBase"]
[PlyCount "100"]
[EventDate "2019.10.18"]
[EventType "swiss"]
[EventCountry "RUS"]
[SourceTitle "playchess.com"]
[Source "ChessBase"]
[SourceQuality "1"]
[TimeControl "900+10"]

1. d4 d5 2. c4 e6 3. Nf3 Nf6 4. Bg5 dxc4 5. Qa4+ Nbd7 6. e3 c5 7. Bxc4 cxd4 8. Nxd4 Be7 9. Nd2 O-O 10. Qc2 Qa5 11. Bh4 Ne5 12. N4b3 Qa4 13. Bg3 Nxc4 14. Qxc4 Qxc4 15. Nxc4 Bb4+ 16. Nbd2 Ne4 17. a3 Nxg3 18. hxg3 Be7 19. Ke2 b6 20. Rhc1 Ba6 21. Ke1 Rac8 22. Ne5 Bb7 23. Ndf3 f6 24. Nc4 e5 25. Ncd2 Kf7 26. e4 Ke6 27. Kd1 Ba6 28. Ke1 Rfd8 29. g4 Bd3 30. Ng1 g6 31. Ne2 Bf8 32. Rxc8 Rxc8 33. Rc1 Rxc1+ 34. Nxc1 Ba6 35. Ne2 Bb7 36. f3 Bc6 37. Nc3 b5 38. Na2 Bc5 39. Nb4 Bb7 40. Nd3 Bb6 41. b4 Kd6 42. Nb3 Bc8 43. Nbc5 a5 44. Kd2 a4 45. Ke2 f5 46. gxf5 gxf5 47. Kd2 h5 48. Ke2 h4 49. Kd2 f4 50. Ke2 Ba7 1/2-1/2

[Event "RUS-chT Men Rapid 2019"]
[Site "Sochi"]
[Date "2019.10.18"]
[Round "4.16"]
[White "Chizhikov, Vladislav"]
[Black "Radzhabov, Rodion"]
[Result "1-0"]
[ECO "B30"]
[WhiteElo "2267"]
[BlackElo "2404"]
[Annotator "NA"]
[PlyCount "69"]
[EventDate "2019.10.18"]
[EventType "swiss"]
[EventCountry "RUS"]
[SourceTitle "playchess.com"]
[Source "ChessBase"]
[SourceQuality "1"]
[TimeControl "900+10"]

1. e4 c5 2. Nf3 Nc6 3. Bb5 e6 4. O-O Nge7 5. Re1 a6 6. Bf1 g6 7. c3 d5 8. e5 Bg7 9. d4 cxd4 10. cxd4 Nf5 11. Nc3 O-O 12. a3 Nh4 13. Nxh4 Qxh4 14. Be3 b5 15. Rc1 Bd7 16. Qd2 Qe7 17. Bg5 Qe8 18. Bf6 Ne7 19. g4 Rc8 20. Qg5 h6 21. Qh4 g5 22. Qh5 Ng6 23. Ne2 Bxf6 24. exf6 Qd8 25. Qxh6 Qxf6 26. Ng3 Qxd4 27. Nh5 Rxc1 28. Rxc1 Rc8 29. Rxc8+ Bxc8 30. h3 Qe5 31. Bd3 Qe1+ 32. Bf1 Qe5 33. h4 Qd4 34. hxg5 Qxg4+ 35. Bg2 1-0

[Event "RUS-chT Men Rapid 2019"]
[Site "Sochi"]
[Date "2019.10.18"]
[Round "4.17"]
[White "Tekeyev, Zaur"]
[Black "Zakhartsov, Vladimir"]
[Result "0-1"]
[ECO "B52"]
[WhiteElo "2384"]
[BlackElo "2514"]
[Annotator "ChessBase"]
[PlyCount "106"]
[EventDate "2019.10.18"]
[EventType "swiss"]
[EventCountry "RUS"]
[SourceTitle "playchess.com"]
[Source "ChessBase"]
[SourceQuality "1"]
[TimeControl "900+10"]

1. e4 c5 2. Nf3 d6 3. Bb5+ Bd7 4. Bxd7+ Qxd7 5. c4 Nc6 6. d4 Qg4 7. d5 Qxe4+ 8. Be3 Nb4 9. Qa4+ Kd8 10. O-O Nh6 11. a3 Nxd5 12. Bxc5 Nc7 13. Be3 Ng4 14. Re1 Qc6 15. Qb3 Nxe3 16. Rxe3 Ne6 17. Nc3 Rc8 18. Nd5 Qxc4 19. Qd1 Rc5 20. Nb4 g6 21. Nd3 Rd5 22. Rc1 Qb5 23. Qc2 Qd7 24. Qc4 Nc7 25. Nfe5 dxe5 26. Nxe5 Rxe5 27. Rxe5 e6 28. Qf4 f5 29. Re2 Bd6 30. Qe3 b6 31. b4 Ke7 32. Rce1 Kf7 33. Qc3 Rd8 34. h4 Be7 35. Qc4 b5 36. Qf4 Bf6 37. h5 g5 38. Qc1 Re8 39. Rc2 Nd5 40. Rd1 Qb7 41. Rc6 Re7 42. Qc5 Kg7 43. Qd6 Nb6 44. Qc5 Nd5 45. h6+ Kg6 46. Qd6 Nf4 47. g3 Ne2+ 48. Kh2 Nd4 49. Rxd4 Bxd4 50. Rc2 Qd7 51. Qb8 Re8 52. Rc7 Rxb8 53. Rxd7 Bxf2 0-1

[Event "RUS-chT Men Rapid 2019"]
[Site "Sochi"]
[Date "2019.10.18"]
[Round "4.18"]
[White "Bryakin, Mikhail"]
[Black "Kozak, Alexander"]
[Result "1-0"]
[ECO "A43"]
[WhiteElo "2440"]
[BlackElo "2230"]
[Annotator "NA"]
[PlyCount "67"]
[EventDate "2019.10.18"]
[EventType "swiss"]
[EventCountry "RUS"]
[SourceTitle "playchess.com"]
[Source "ChessBase"]
[SourceQuality "1"]
[TimeControl "900+10"]

1. d4 g6 2. c4 Bg7 3. Nc3 c5 4. d5 Bxc3+ 5. bxc3 f5 6. Nf3 Qa5 7. Qc2 Nf6 8. Bh6 d6 9. e3 Nbd7 10. Bd3 Nb6 11. Bg7 Rg8 12. Bxf6 exf6 13. a4 Bd7 14. Nd2 O-O-O 15. Nb3 Qa6 16. a5 Nxc4 17. Qe2 Bb5 18. Nd2 Na3 19. c4 Qxa5 20. O-O Bd7 21. Nb1 Nxc4 22. Rxa5 Nxa5 23. Qd2 b6 24. Ba6+ Kc7 25. Nc3 Rge8 26. Rb1 Re5 27. Qd3 Rde8 28. Bb5 f4 29. Bxd7 Kxd7 30. Qa6 Ra8 31. Rxb6 axb6 32. Qxa8 fxe3 33. fxe3 Rxe3 34. Nb5 1-0

[Event "RUS-chT Men Rapid 2019"]
[Site "Sochi"]
[Date "2019.10.18"]
[Round "4.19"]
[White "Nechaev, Oleg"]
[Black "Golubov, Saveliy"]
[Result "0-1"]
[ECO "A15"]
[WhiteElo "2371"]
[BlackElo "2469"]
[Annotator "ChessBase"]
[PlyCount "114"]
[EventDate "2019.10.18"]
[EventType "swiss"]
[EventCountry "RUS"]
[SourceTitle "playchess.com"]
[Source "ChessBase"]
[SourceQuality "1"]
[TimeControl "900+10"]

1. c4 Nf6 2. g3 g6 3. Bg2 Bg7 4. Nc3 O-O 5. e4 e5 6. Nge2 d6 7. O-O Nc6 8. d3 Nd7 9. Be3 Nc5 10. Rb1 a5 11. d4 exd4 12. Nxd4 Ne5 13. b3 a4 14. h3 axb3 15. axb3 Bd7 16. f4 Nc6 17. b4 Ne6 18. Nde2 Re8 19. Qd2 f5 20. exf5 gxf5 21. Nd5 Ra3 22. Bf2 Qa8 23. Nec3 Ne7 24. Nxe7+ Rxe7 25. Nd5 Rf7 26. Rbc1 Ra2 27. Rc2 Rxc2 28. Qxc2 Qa3 29. Re1 Kh8 30. Re3 Qa8 31. Qe2 Nd4 32. Qh5 Qf8 33. Nxc7 Rf6 34. Qd1 Rg6 35. Rd3 Nc6 36. c5 Nxb4 37. Rxd6 Rxd6 38. cxd6 Nc6 39. Qd5 Nb4 40. Qd2 Nc6 41. Bc5 h6 42. Kh2 Kh7 43. Bf3 Qf6 44. g4 fxg4 45. Be4+ Kh8 46. Nd5 Qe6 47. Bc2 gxh3 48. Qd3 Kg8 49. Ne7+ Kf8 50. Bb3 Ne5 51. fxe5 Qxe5+ 52. Qg3 Qxc5 53. Ng6+ Ke8 54. Qe1+ Kd8 55. Qh4+ Qg5 56. Qxg5+ hxg5 57. Ne7 Be5+ 0-1

[Event "RUS-chT Men Rapid 2019"]
[Site "Sochi"]
[Date "2019.10.18"]
[Round "4.20"]
[White "Apryshko, Gleb"]
[Black "Rozhko, Dmitry"]
[Result "1-0"]
[ECO "A06"]
[WhiteElo "2382"]
[BlackElo "2305"]
[Annotator "NA"]
[PlyCount "55"]
[EventDate "2019.10.18"]
[EventType "swiss"]
[EventCountry "RUS"]
[SourceTitle "playchess.com"]
[Source "ChessBase"]
[SourceQuality "1"]
[TimeControl "900+10"]

1. g3 d5 2. Nf3 Nf6 3. Bg2 c6 4. d3 Bg4 5. Nbd2 Nbd7 6. O-O e5 7. e4 dxe4 8. dxe4 Be7 9. h3 Bh5 10. Qe1 O-O 11. Nh4 Re8 12. a4 a5 13. Nc4 Qc7 14. f4 b5 15. axb5 cxb5 16. Ne3 h6 17. f5 g5 18. fxg6 Bxg6 19. Nef5 Bf8 20. Qd2 Kh7 21. Nxh6 Qc5+ 22. Kh2 Qd4 23. Nxg6 fxg6 24. Qg5 Be7 25. Qh4 Kg7 26. Bg5 Qxb2 27. Rad1 Qb4 28. Rxd7 1-0

[Event "RUS-chT Men Rapid 2019"]
[Site "Sochi"]
[Date "2019.10.18"]
[Round "4.21"]
[White "Yatzenko, Anton"]
[Black "Nozdrachev, Vladislav"]
[Result "1/2-1/2"]
[ECO "A46"]
[WhiteElo "2383"]
[BlackElo "2494"]
[Annotator "ChessBase"]
[PlyCount "62"]
[EventDate "2019.10.18"]
[EventType "swiss"]
[EventCountry "RUS"]
[SourceTitle "playchess.com"]
[Source "ChessBase"]
[SourceQuality "1"]
[TimeControl "900+10"]

1. d4 Nf6 2. Nf3 e6 3. Bf4 b6 4. e3 Bb7 5. Be2 Bd6 6. Bg3 O-O 7. Nbd2 Nc6 8. e4 Bxg3 9. hxg3 d6 10. c3 e5 11. dxe5 Nxe5 12. Nxe5 dxe5 13. Qc2 Qe7 14. O-O a5 15. Rfe1 Nd7 16. Rad1 Nc5 17. Bf1 Rfd8 18. f3 Qg5 19. Kf2 Bc8 20. Nc4 Be6 21. Rxd8+ Rxd8 22. Rd1 a4 23. b4 axb3 24. axb3 h5 25. Rxd8+ Qxd8 26. b4 Bxc4 27. Bxc4 Nb7 28. Bd5 Nd6 29. Qa2 Qg5 30. Qa8+ Kh7 31. Qc6 Qd2+ 1/2-1/2

[Event "RUS-chT Men Rapid 2019"]
[Site "Sochi"]
[Date "2019.10.18"]
[Round "4.22"]
[White "Vakhlamov, Igor L."]
[Black "Goltsev, Dmitry"]
[Result "1-0"]
[ECO "B40"]
[WhiteElo "2413"]
[BlackElo "2309"]
[Annotator "NA"]
[PlyCount "73"]
[EventDate "2019.10.18"]
[EventType "swiss"]
[EventCountry "RUS"]
[SourceTitle "playchess.com"]
[Source "ChessBase"]
[SourceQuality "1"]
[TimeControl "900+10"]

1. e4 c5 2. Nf3 e6 3. g3 Nc6 4. Bg2 g6 5. d4 Bg7 6. dxc5 Qa5+ 7. c3 Qxc5 8. Be3 Qe7 9. O-O Nf6 10. e5 Ng4 11. Bg5 Qf8 12. Na3 h6 13. Bd2 Qe7 14. Nc4 Ngxe5 15. Nfxe5 Nxe5 16. Nxe5 Bxe5 17. Re1 d6 18. Qa4+ Qd7 19. Qa3 h5 20. Rad1 Qe7 21. h4 Bf6 22. Bf4 Be5 23. Bg5 f6 24. Be3 d5 25. Bc5 Qc7 26. f4 Bxf4 27. gxf4 Qxf4 28. Rxd5 Qxh4 29. Bf2 Qf4 30. Rd4 Qf5 31. Qa4+ Kf7 32. Rf4 Qd3 33. Bd4 e5 34. Bxe5 Bf5 35. Rd4 Qa6 36. Rd7+ Ke8 37. Bd6+ 1-0

[Event "RUS-chT Men Rapid 2019"]
[Site "Sochi"]
[Date "2019.10.18"]
[Round "4.23"]
[White "Kulik, Artur"]
[Black "Tsoi, Dmitry"]
[Result "1-0"]
[ECO "A80"]
[WhiteElo "2014"]
[BlackElo "2329"]
[Annotator "NA"]
[PlyCount "165"]
[EventDate "2019.10.18"]
[EventType "swiss"]
[EventCountry "RUS"]
[SourceTitle "playchess.com"]
[Source "ChessBase"]
[SourceQuality "1"]
[TimeControl "900+10"]

1. d4 f5 2. Nf3 Nf6 3. c4 e6 4. g3 d5 5. Bg2 c6 6. O-O Bd6 7. Nbd2 O-O 8. b3 Qe7 9. Bb2 Nbd7 10. Ne5 a5 11. Ndf3 a4 12. Nd3 Ne4 13. Nfe5 g5 14. f3 Nef6 15. Nf2 f4 16. Nfd3 Nh5 17. Qe1 Nxe5 18. dxe5 Bc5+ 19. Nxc5 Qxc5+ 20. Qf2 Qxf2+ 21. Kxf2 c5 22. g4 Ng7 23. Rfd1 d4 24. b4 b6 25. Ba3 Ba6 26. bxc5 bxc5 27. Bxc5 Rfc8 28. Bxd4 Rxc4 29. Rac1 a3 30. Bc5 Bb5 31. Rxc4 Bxc4 32. Rc1 Bxa2 33. Ra1 Rc8 34. Bxa3 Bd5 35. Rc1 Rb8 36. Rc3 Rb1 37. e3 fxe3+ 38. Kxe3 Ne8 39. Bc1 h6 40. Kf2 Ra1 41. Kg3 Ra2 42. Bf1 Kf7 43. h4 gxh4+ 44. Kxh4 Rf2 45. Bb5 Rxf3 46. Rc8 Ng7 47. Bxh6 Kg6 48. Bxg7 Kxg7 49. Rc7+ Kf8 50. Kg5 Re3 51. Kf6 Rf3+ 52. Kg5 Re3 53. Rc8+ Kg7 54. Rc7+ Kf8 55. Kf6 Rf3+ 56. Kg6 Be4+ 57. Kh6 Rh3+ 58. Kg5 Bd5 59. Rc8+ Kg7 60. Rc7+ Kf8 61. Rc8+ Kg7 62. Be8 Re3 63. Rc7+ Kf8 64. Bg6 Rf3 65. Kh6 Rf4 66. Kg5 Rf2 67. Kh6 Rf4 68. Bh5 Rf2 69. g5 Be4 70. g6 Bxg6 71. Kxg6 Ke8 72. Bg4 Rg2 73. Kg5 Rg1 74. Ra7 Rg2 75. Rg7 Kf8 76. Ra7 Ke8 77. Rh7 Rg1 78. Rb7 Rg2 79. Kf4 Rf2+ 80. Ke3 Rf1 81. Bxe6 Ra1 82. Kf4 Rf1+ 83. Kg5 1-0

[Event "RUS-chT Men Rapid 2019"]
[Site "Sochi"]
[Date "2019.10.18"]
[Round "4.24"]
[White "Frolov, Aleksey G."]
[Black "Kolchin, Maxim"]
[Result "0-1"]
[ECO "C78"]
[WhiteElo "2093"]
[BlackElo "2077"]
[Annotator "NA"]
[PlyCount "122"]
[EventDate "2019.10.18"]
[EventType "swiss"]
[EventCountry "RUS"]
[SourceTitle "playchess.com"]
[Source "ChessBase"]
[SourceQuality "1"]
[TimeControl "900+10"]

1. e4 e5 2. Nf3 Nc6 3. Bb5 a6 4. Ba4 Nf6 5. O-O b5 6. Bb3 Be7 7. d3 O-O 8. a4 Bb7 9. Re1 d6 10. Nc3 Na5 11. Ba2 b4 12. Ne2 c5 13. Bd2 Nc6 14. Ng3 Bc8 15. c3 bxc3 16. bxc3 Re8 17. Ng5 Rf8 18. Qb3 Na5 19. Nxf7 Qc7 20. Qd1 Rxf7 21. Bxf7+ Kxf7 22. f4 Nc6 23. Rf1 Kg8 24. fxe5 Nxe5 25. Bf4 Ng6 26. Qb3+ c4 27. Qxc4+ Qxc4 28. dxc4 Nxf4 29. Rxf4 Be6 30. Nf5 Bf8 31. Rd1 Bxc4 32. Nxd6 Bb3 33. Rd4 Rd8 34. e5 Nd5 35. Rf3 Nc7 36. a5 Ne6 37. Rd2 Ba4 38. c4 Rb8 39. h3 Bc6 40. Rf1 Be7 41. Nf5 Bb4 42. Re2 Bc5+ 43. Kh2 Rb4 44. Rd1 Rxc4 45. Rb2 h6 46. Rb8+ Kh7 47. Rc8 Ba4 48. Ra1 Bd7 49. Ra8 Nc7 50. Rb8 Bxf5 51. Rb7 Ne6 52. Re1 Re4 53. Rxe4 Bxe4 54. Rb8 Bd4 55. Re8 Bd5 56. g3 Bxe5 57. h4 Nd4 58. Kh3 Nc6 59. Ra8 Bc4 60. Rc8 Bb5 61. g4 Bf1# 0-1

[Event "RUS-chT Men Rapid 2019"]
[Site "Sochi"]
[Date "2019.10.18"]
[Round "4.25"]
[White "Kokarev, Dmitry"]
[Black "Shcherbin, Matvei"]
[Result "1-0"]
[ECO "A06"]
[WhiteElo "2593"]
[BlackElo "2366"]
[Annotator "ChessBase"]
[PlyCount "127"]
[EventDate "2019.10.18"]
[EventType "swiss"]
[EventCountry "RUS"]
[SourceTitle "playchess.com"]
[Source "ChessBase"]
[SourceQuality "1"]
[TimeControl "900+10"]

1. g3 d5 2. Nf3 Nf6 3. Bg2 e6 4. O-O Be7 5. d3 b6 6. Nbd2 Bb7 7. e4 c5 8. Re1 Nc6 9. Qe2 O-O 10. e5 Nd7 11. h4 Re8 12. Nf1 f6 13. exf6 Bxf6 14. N1h2 Nde5 15. Nxe5 Nxe5 16. Bg5 Bxg5 17. hxg5 Nf7 18. f4 e5 19. Qg4 exf4 20. gxf4 Qd6 21. Nf1 Bc6 22. Ne3 Bd7 23. Qf3 d4 24. Nc4 Qf8 25. Qb7 Rxe1+ 26. Rxe1 Re8 27. Rxe8 Qxe8 28. Be4 Qe6 29. Qa8+ Be8 30. Kf2 Kf8 31. Qxa7 Qg4 32. Qc7 Qh4+ 33. Kf1 Qh3+ 34. Bg2 Qg4 35. Nxb6 Qd1+ 36. Kf2 Qxc2+ 37. Kg1 Qxd3 38. Nd5 Qe2 39. Qxc5+ Kg8 40. Qe7 Qxe7 41. Nxe7+ Kf8 42. Nd5 Nd6 43. Kf2 Bc6 44. Nb4 Bb5 45. b3 Ke7 46. a4 Be8 47. Nc6+ Kd7 48. Nxd4 Bf7 49. b4 Kc7 50. a5 Nc4 51. Bf1 Nd2 52. Bd3 h6 53. Ke3 hxg5 54. Kxd2 gxf4 55. Be4 Bc4 56. b5 Kd6 57. b6 Ba6 58. Kc3 g5 59. Bd3 Bc8 60. a6 g4 61. b7 Bxb7 62. axb7 Kc7 63. Ba6 f3 64. Nc6 1-0

[Event "RUS-chT Men Rapid 2019"]
[Site "Sochi"]
[Date "2019.10.18"]
[Round "4.26"]
[White "Eraschenkov, Denis"]
[Black "Shariyazdanov, Andrey"]
[Result "1/2-1/2"]
[ECO "B06"]
[WhiteElo "2382"]
[BlackElo "2519"]
[Annotator "ChessBase"]
[PlyCount "137"]
[EventDate "2019.10.18"]
[EventType "swiss"]
[EventCountry "RUS"]
[SourceTitle "playchess.com"]
[Source "ChessBase"]
[SourceQuality "1"]
[TimeControl "900+10"]

1. e4 g6 2. d4 Bg7 3. Nc3 d6 4. g3 Nf6 5. Bg2 O-O 6. Nge2 Nc6 7. d5 Nb8 8. O-O e5 9. dxe6 fxe6 10. f4 Nbd7 11. h3 Qe7 12. Be3 a6 13. Qd2 Rb8 14. a4 b5 15. axb5 axb5 16. Ra7 b4 17. Na4 Ne8 18. Nd4 Bxd4 19. Qxd4 e5 20. Qc4+ Kh8 21. f5 gxf5 22. exf5 Ndf6 23. g4 Bd7 24. g5 Bb5 25. gxf6 Qxf6 26. Qe6 Bxf1 27. Qxf6+ Rxf6 28. Bxf1 Rxf5 29. Bg2 Rf7 30. b3 Nf6 31. Ra8 Rxa8 32. Bxa8 Nh5 33. Nb2 Nf4 34. Bxf4 Rxf4 35. Nd3 Rd4 36. Kf2 Kg7 37. Ke3 Kf6 38. Nf2 d5 39. Bb7 Ke6 40. Bc8+ Kd6 41. Bf5 h5 42. Bg6 h4 43. Nd3 c5 44. Ne1 Rf4 45. Ng2 Rd4 46. Ne1 c4 47. Nf3 Rf4 48. bxc4 dxc4 49. Be4 c3 50. Ne1 Rf1 51. Nd3 Rb1 52. Ke2 Ke6 53. Ne1 Kf6 54. Nf3 Rh1 55. Nxh4 Rxh3 56. Nf3 Rh8 57. Kd3 Rc8 58. Ne1 Kg5 59. Ke3 Kg4 60. Nd3 Rb8 61. Nxe5+ Kg3 62. Bd5 Rf8 63. Nd3 Rb8 64. Kd4 Kg4 65. Bb3 Kf3 66. Kc4 Ke2 67. Nxb4 Kd2 68. Nd5 Rb7 69. Nb4 1/2-1/2

[Event "RUS-chT Men Rapid 2019"]
[Site "Sochi"]
[Date "2019.10.18"]
[Round "4.27"]
[White "Ulybin, Mikhail"]
[Black "Keosidi, Konstantin"]
[Result "0-1"]
[ECO "D30"]
[WhiteElo "2455"]
[BlackElo "2400"]
[Annotator "RC"]
[PlyCount "118"]
[EventDate "2019.10.18"]
[EventType "swiss"]
[EventCountry "RUS"]
[SourceTitle "playchess.com"]
[Source "ChessBase"]
[SourceQuality "1"]
[TimeControl "900+10"]

1. d4 d5 2. c4 e6 3. Nf3 dxc4 4. e3 c5 5. Bxc4 cxd4 6. exd4 Nf6 7. O-O Be7 8. Nc3 O-O 9. Ne5 Nc6 10. Be3 Bd7 11. f4 Rc8 12. Qe2 a6 13. Rad1 b5 14. Bd3 Nb4 15. Bb1 Nbd5 16. Nxd5 Nxd5 17. Rf3 g6 18. Rh3 Be8 19. f5 Nxe3 20. Qxe3 Bg5 21. Qf2 exf5 22. d5 Qd6 23. Nf3 Bf6 24. Qd2 f4 25. Ne1 Bd7 26. Rb3 Bg4 27. Nf3 Rfd8 28. h3 Bh5 29. Be4 g5 30. Bf5 Rc5 31. Rd3 Bg6 32. Bxg6 hxg6 33. b4 Rc4 34. a3 Rdc8 35. Qf2 Rc3 36. Kh2 Kg7 37. Qe1 Rxd3 38. Rxd3 Rc7 39. Qf2 Rc8 40. Qd2 g4 41. hxg4 Rh8+ 42. Kg1 Qb6+ 43. Kf1 Rh1+ 44. Ke2 Qd6 45. Kf2 Qb6+ 46. Ke2 Qd6 47. Rb3 Qe7+ 48. Kd3 Qd7 49. Ke2 Qxg4 50. Kd3 Qf5+ 51. Ke2 g5 52. Qd3 Qg4 53. Kd2 Qxg2+ 54. Qe2 Qxe2+ 55. Kxe2 g4 56. Ne1 f3+ 57. Nxf3 gxf3+ 58. Rxf3 Rc1 59. Kd2 Rc4 0-1

[Event "RUS-chT Men Rapid 2019"]
[Site "Sochi"]
[Date "2019.10.18"]
[Round "4.28"]
[White "Dianov, Alexey"]
[Black "Garifullina, Leya"]
[Result "1-0"]
[ECO "B22"]
[WhiteElo "2158"]
[BlackElo "2189"]
[Annotator "NA"]
[PlyCount "151"]
[EventDate "2019.10.18"]
[EventType "swiss"]
[EventCountry "RUS"]
[SourceTitle "playchess.com"]
[Source "ChessBase"]
[SourceQuality "1"]
[TimeControl "900+10"]

1. e4 c5 2. c3 e6 3. d4 d5 4. exd5 exd5 5. Nf3 Nc6 6. Bb5 Bd6 7. dxc5 Bxc5 8. O-O Nge7 9. Nbd2 O-O 10. Nb3 Bb6 11. Nbd4 Bg4 12. Nxc6 bxc6 13. Be2 Bc7 14. Qa4 Bh5 15. Bf4 Rb8 16. Bxc7 Qxc7 17. b3 Ng6 18. Nd4 Bxe2 19. Nxe2 Rfe8 20. Ng3 Nf4 21. Rfe1 Ne6 22. Rad1 Rbd8 23. Qg4 Qf4 24. Qxf4 Nxf4 25. Kf1 Rxe1+ 26. Rxe1 Kf8 27. Ne2 Nxe2 28. Rxe2 Rb8 29. Rd2 Ke7 30. Rd4 Ke6 31. Ra4 Rb7 32. Ra6 Kd6 33. Ke2 Kc5 34. Ra4 Re7+ 35. Kd2 Kb6 36. Rg4 g6 37. Rh4 h5 38. Rf4 Kc5 39. Rf6 Kb6 40. h4 Kc5 41. f3 Kb6 42. g3 a5 43. Rf4 Kc5 44. g4 hxg4 45. fxg4 Kd6 46. h5 gxh5 47. gxh5 Re5 48. Rh4 Re8 49. h6 Rh8 50. h7 Ke5 51. a4 c5 52. Rh5+ f5 53. Ke3 c4 54. bxc4 dxc4 55. Kf3 Kf6 56. Kf4 Kg6 57. Rg5+ Kh6 58. Rg1 Rxh7 59. Rh1+ Kg6 60. Rxh7 Kxh7 61. Kxf5 Kg7 62. Ke5 Kf7 63. Kd5 Ke7 64. Kxc4 Kd7 65. Kb5 Kd6 66. c4 Kc7 67. Kxa5 Kc6 68. Kb4 Kb6 69. c5+ Kc6 70. Kc4 Kc7 71. Kb5 Kb7 72. c6+ Kc7 73. Kc5 Kc8 74. Kb6 Kb8 75. c7+ Kc8 76. a5 1-0

[Event "RUS-chT Men Rapid 2019"]
[Site "Sochi"]
[Date "2019.10.18"]
[Round "5.2"]
[White "Potkin, Vladimir"]
[Black "Pridorozhni, Aleksei"]
[Result "1/2-1/2"]
[ECO "D35"]
[WhiteElo "2583"]
[BlackElo "2599"]
[Annotator "ChessBase"]
[PlyCount "47"]
[EventDate "2019.10.18"]
[EventType "swiss"]
[EventCountry "RUS"]
[SourceTitle "playchess.com"]
[Source "ChessBase"]
[SourceQuality "1"]
[TimeControl "900+10"]

1. c4 e6 2. Nc3 d5 3. d4 Nf6 4. cxd5 Nxd5 5. e3 Be7 6. Bd3 O-O 7. Nf3 b6 8. O-O c5 9. Nxd5 exd5 10. dxc5 bxc5 11. e4 d4 12. e5 Ba6 13. Re1 Bxd3 14. Qxd3 Nc6 15. Qe4 Rc8 16. Bd2 Qd7 17. Rac1 h6 18. b3 Rfe8 19. e6 Qxe6 20. Qxe6 fxe6 21. Rxe6 Bf8 22. Rxe8 Rxe8 23. Kf1 Kf7 24. Ne1 1/2-1/2

[Event "RUS-chT Men Rapid 2019"]
[Site "Sochi"]
[Date "2019.10.18"]
[Round "5.3"]
[White "Belyakov, Bogdan"]
[Black "Savchenko, Boris"]
[Result "1/2-1/2"]
[ECO "B22"]
[WhiteElo "2495"]
[BlackElo "2581"]
[Annotator "ChessBase"]
[PlyCount "42"]
[EventDate "2019.10.18"]
[EventType "swiss"]
[EventCountry "RUS"]
[SourceTitle "playchess.com"]
[Source "ChessBase"]
[SourceQuality "1"]
[TimeControl "900+10"]

1. e4 c5 2. c3 Nf6 3. e5 Nd5 4. Bc4 Nb6 5. Bb3 c4 6. Bc2 Nc6 7. Nf3 Qc7 8. O-O Nxe5 9. Nxe5 Qxe5 10. Re1 Qc7 11. a4 e6 12. a5 Nd5 13. d3 cxd3 14. Qxd3 Nf6 15. Na3 Qxa5 16. Bf4 Bxa3 17. Rxa3 Qd5 18. Qe2 Qh5 19. Qd2 Qd5 20. Qe2 Qh5 21. Qd2 Qd5 1/2-1/2

[Event "RUS-chT Men Rapid 2019"]
[Site "Sochi"]
[Date "2019.10.18"]
[Round "5.5"]
[White "Drygalov, Andrey"]
[Black "Bocharov, Dmitry"]
[Result "1-0"]
[ECO "B47"]
[WhiteElo "2484"]
[BlackElo "2519"]
[Annotator "ChessBase"]
[PlyCount "73"]
[EventDate "2019.10.18"]
[EventType "swiss"]
[EventCountry "RUS"]
[SourceTitle "playchess.com"]
[Source "ChessBase"]
[SourceQuality "1"]
[TimeControl "900+10"]

1. e4 c5 2. Nf3 e6 3. d4 cxd4 4. Nxd4 Nc6 5. Nc3 Qc7 6. g3 a6 7. Bg2 Nf6 8. O-O Be7 9. Re1 O-O 10. Nxc6 dxc6 11. e5 Rd8 12. Qf3 Nd5 13. h4 b6 14. Bg5 h6 15. Bxe7 Nxe7 16. h5 Bb7 17. Rad1 Rab8 18. Qf4 Rxd1 19. Rxd1 Nd5 20. Nxd5 exd5 21. Qe3 Bc8 22. f4 Be6 23. Bf3 Rd8 24. g4 c5 25. c3 d4 26. cxd4 cxd4 27. Rxd4 Rxd4 28. Qxd4 Bxa2 29. Kg2 a5 30. Be4 Be6 31. f5 Bd7 32. Kh3 b5 33. Bd5 Be8 34. e6 fxe6 35. Bxe6+ Kh8 36. f6 a4 37. Qb4 1-0

[Event "RUS-chT Men Rapid 2019"]
[Site "Sochi"]
[Date "2019.10.18"]
[Round "5.6"]
[White "Yuffa, Daniil"]
[Black "Lugovskoy, Maxim"]
[Result "1-0"]
[ECO "E06"]
[WhiteElo "2577"]
[BlackElo "2436"]
[Annotator "ChessBase"]
[PlyCount "66"]
[EventDate "2019.10.18"]
[EventType "swiss"]
[EventCountry "RUS"]
[SourceTitle "playchess.com"]
[Source "ChessBase"]
[SourceQuality "1"]
[TimeControl "900+10"]

1. d4 d5 2. c4 e6 3. g3 Nf6 4. Bg2 Be7 5. Nf3 O-O 6. O-O dxc4 7. Qc2 a6 8. a4 Bd7 9. Bg5 Bc6 10. Rd1 Nbd7 11. Nbd2 h6 12. Bxf6 Nxf6 13. Nxc4 Be4 14. Qc1 b5 15. Nce5 Qd5 16. Qxc7 Bd6 17. Qa5 Rfc8 18. Rdc1 Rxc1+ 19. Rxc1 bxa4 20. Qxa4 a5 21. Nc4 Rc8 22. Rc3 Bxf3 23. Bxf3 Qxd4 24. e3 Rxc4 25. Qxc4 Qxc4 26. Rxc4 g5 27. Kf1 Bb4 28. Ke2 Kg7 29. h3 Nd7 30. Rc7 Ne5 31. Bh5 Kf6 32. f4 gxf4 33. exf4 Ng6 1-0